[Event "GER-ch Youth-U14 2022"]
[Site "Willingen"]
[Date "2022.06.09"]
[Round "7.8"]
[White "Haubold, Sebastian Marcel"]
[Black "Chinguun Sundui"]
[Result "1-0"]
[ECO "B27"]
[WhiteElo "1869"]
[BlackElo "1731"]
[Annotator "NA RC COMBH"]
[PlyCount "37"]
[EventDate "2022.06.05"]
[EventType "swiss"]
[EventRounds "9"]
[EventCountry "GER"]
[SourceTitle "playchess.com"]
[Source "ChessBase"]
[SourceQuality "1"]
[TimeControl "40/4500+30:900+30"]

1. e4 c5 2. Nf3 g6 3. d4 cxd4 4. Nxd4 Bg7 5. Nc3 Nc6 6. Be3 d6 7. Bc4 Nf6 8. f3 h5 9. Nxc6 bxc6 10. e5 Ng8 11. exd6 exd6 12. Qd2 Qh4+ 13. Bf2 Qxc4 14. Ne4 Be5 15. O-O-O Kf8 16. Nxd6 Qxa2 17. Qb4 a5 18. Nf5+ Ke8 19. Qf8+ 1-0

[Event "GER-ch Youth-U14 2022"]
[Site "Willingen"]
[Date "2022.06.09"]
[Round "7.9"]
[White "Udelnov, Valentin"]
[Black "Wunderlich, Elias"]
[Result "1-0"]
[ECO "C07"]
[WhiteElo "1901"]
[BlackElo "1619"]
[Annotator "TA"]
[PlyCount "105"]
[EventDate "2022.06.05"]
[EventType "swiss"]
[EventRounds "9"]
[EventCountry "GER"]
[SourceTitle "playchess.com"]
[Source "ChessBase"]
[SourceQuality "1"]
[TimeControl "40/4500+30:900+30"]

1. e4 e6 2. d4 d5 3. Nd2 c5 4. Ngf3 cxd4 5. exd5 Qxd5 6. Bc4 Qd6 7. O-O Nf6 8. Nb3 Nc6 9. Nbxd4 Nxd4 10. Nxd4 Be7 11. Re1 {[%emt 0:00:00] C07: French Tarrasch: 3...c5, 4 Ngf3 and 4 exd5 Qxd5.} O-O {[%emt 0:00:00] [#]} 12. Bf1 $146 ({Predecessor:} 12. c3 Qc7 13. Bb3 Bd7 14. Qf3 Rfd8 15. Bf4 Bd6 16. Bxd6 Qxd6 17. Qxb7 Ng4 18. Nf3 Bc6 {1-0 (53) Guseinov,G (2593)-Saric,A (2577) Tallinn 2019}) 12... Rd8 13. Be3 {[%emt 0:02:08] The position is equal.} Nd5 14. Bd2 Bf6 15. Nb5 Qc5 16. c4 a6 $1 17. cxd5 axb5 18. dxe6 Bxe6 19. Rc1 Qa7 20. Qc2 Qxa2 21. Bc3 Bg5 22. Rcd1 Rxd1 23. Qxd1 b4 $1 $36 {[%emt 0:00:22][%mdl 2048] Black has strong initiative.} 24. Be5 Rd8 {[%emt 0:02:36] Prevents Qd4.} 25. Qf3 Qd5 26. Qg3 Bh6 27. Qh4 Rc8 28. g4 $2 ({White should play} 28. h3 $15) 28... Qd2 29. Re2 Qc1 (29... Qd1 $19 {Hoping for ...Bc4.} 30. f4 f6) 30. f3 $2 (30. Qe7 $17) 30... Be3+ $19 31. Kg2 Bc4 32. Re1 Qd2+ 33. Kh3 Bf2 34. Qe7 Bxf1+ (34... Bxe1 $2 {loses.} 35. Bxc4 Qh6+ 36. Kg2 $17) ({Inferior is} 34... Qh6+ 35. Kg2 Bxe1 36. Bxc4 $19) 35. Rxf1 Qe2 $1 {[%emt 0:00:21][%csl LRf1,LRf3][%cal Re2f1] [#]} 36. Ra1 (36. Rc1 Rf8 37. Bd6 Qxf3+ 38. Bg3) 36... Bd4 $4 (36... h5 $19 37. Qxb4 Qxf3+ 38. Bg3 Bxg3) 37. Qxb7 $18 Re8 (37... Rd8 $142 38. Bxd4 h5) 38. Bxd4 h5 39. Ra8 hxg4+ 40. fxg4 {[%emt 0:00:28] aiming for Rxe8+.} Qf1+ {[%emt 0:01:21] [#]} 41. Kg3 $1 Qd3+ 42. Kg2 ({Not} 42. Kh4 g5+ 43. Kxg5 Qd2+ 44. Kh5 Qxh2+ 45. Kg5 Qd2+ 46. Kh5 Qh2+ 47. Kg5 Qd2+ 48. Kh5 Qh2+ $11) 42... Rxa8 43. Qxa8+ Kh7 44. Bf2 Qc2 45. Qf3 Qxb2 (45... Kg8 $18 46. b3 f6 47. Qd5+ Kh8) 46. Qxf7 {[%emt 0:00:00] White mates.} b3 47. Qf5+ Kg8 48. g5 Qa2 49. g6 Qa8+ 50. Kh3 b2 51. Bd4 b1=Q 52. Qf7+ Kh8 53. Bxg7# {What a bad dream for Black.  Weighted Error Value: White=0.40/Black=0.62} 1-0

[Event "GER-ch Youth-U14 2022"]
[Site "Willingen"]
[Date "2022.06.09"]
[Round "7.10"]
[White "Sommer, Justus"]
[Black "Torosyan, Bagrat"]
[Result "1/2-1/2"]
[ECO "B51"]
[WhiteElo "1868"]
[BlackElo "1683"]
[Annotator "NA RC COMBH"]
[PlyCount "98"]
[EventDate "2022.06.05"]
[EventType "swiss"]
[EventRounds "9"]
[EventCountry "GER"]
[SourceTitle "playchess.com"]
[Source "ChessBase"]
[SourceQuality "1"]
[TimeControl "40/4500+30:900+30"]

1. e4 c5 2. Nf3 d6 3. Bb5+ Nc6 4. Bxc6+ bxc6 5. d3 Nf6 6. O-O g6 7. e5 Nd5 8. exd6 Qxd6 9. Nbd2 Bf5 10. Nc4 Qc7 11. Nfd2 h5 12. Nb3 e6 13. Bg5 f6 14. Be3 Nxe3 15. fxe3 Be7 16. e4 Bg4 17. Qd2 e5 18. Qf2 Be6 19. Nxc5 Bxc4 20. dxc4 Qb6 21. Nd3 Qxf2+ 22. Rxf2 O-O-O 23. Re2 Rd4 24. c5 Rc4 25. b4 Rd8 26. h3 Rdd4 27. Rae1 h4 28. Kf2 Rc3 29. Rb1 Rcc4 30. Kf3 f5 31. Rbe1 Bf6 32. Kf2 Rxe4 33. a3 Rxe2+ 34. Rxe2 e4 35. Nc1 e3+ 36. Kf3 Bg5 37. Nd3 Re4 38. a4 a6 39. Re1 Bh6 40. Rb1 g5 41. Ke2 g4 42. b5 cxb5 43. axb5 axb5 44. Rxb5 Rc4 45. Ne1 Rd4 46. Nd3 Rd5 47. Rb6 gxh3 48. gxh3 Bg5 49. c4 Rd4 1/2-1/2

[Event "GER-ch Youth-U14 2022"]
[Site "Willingen"]
[Date "2022.06.09"]
[Round "7.11"]
[White "Uhlmann, Tim"]
[Black "Fruth, David"]
[Result "1/2-1/2"]
[ECO "B27"]
[WhiteElo "1776"]
[BlackElo "1648"]
[Annotator "NA RC COMBH"]
[PlyCount "94"]
[EventDate "2022.06.05"]
[EventType "swiss"]
[EventRounds "9"]
[EventCountry "GER"]
[SourceTitle "playchess.com"]
[Source "ChessBase"]
[SourceQuality "1"]
[TimeControl "40/4500+30:900+30"]

1. e4 c5 2. Nf3 g6 3. c4 Nc6 4. d4 Bg7 5. d5 Nd4 6. Nc3 d6 7. Be2 Nxf3+ 8. Bxf3 Nf6 9. O-O Nd7 10. Be2 O-O 11. Be3 Nb8 12. f4 Na6 13. f5 Nc7 14. Qd2 Bd7 15. Bh6 a6 16. a4 Rb8 17. g4 b5 18. Bxg7 Kxg7 19. g5 f6 20. fxg6 hxg6 21. gxf6+ Rxf6 22. Rxf6 exf6 23. axb5 axb5 24. cxb5 Rb7 25. Bc4 g5 26. Qd3 Qe8 27. Ra5 Qd8 28. Ra3 Na8 29. Ra6 Nb6 30. b3 Qe7 31. Na4 Nxc4 32. bxc4 Qe5 33. Nc3 Qf4 34. Ne2 Qe5 35. Ng3 Qb2 36. Rxd6 Ra7 37. Ra6 Rxa6 38. bxa6 Qa1+ 39. Kg2 Qxa6 40. Nf5+ Kg6 41. d6 Qa2+ 42. Kg3 Qa1 43. Ne3 Kg7 44. Nf5+ Kg6 45. Kf2 Qb2+ 46. Kg3 Qa1 47. Kg2 Qb2+ 1/2-1/2

[Event "GER-ch Youth-U14 2022"]
[Site "Willingen"]
[Date "2022.06.09"]
[Round "7.12"]
[White "Huber, Benedikt"]
[Black "Schwan, Aaron"]
[Result "1-0"]
[ECO "B41"]
[WhiteElo "2288"]
[BlackElo "1671"]
[Annotator "TA"]
[PlyCount "117"]
[EventDate "2022.06.05"]
[EventType "swiss"]
[EventRounds "9"]
[EventCountry "GER"]
[SourceTitle "playchess.com"]
[Source "ChessBase"]
[SourceQuality "1"]
[TimeControl "40/4500+30:900+30"]

1. e4 c5 2. Nf3 e6 3. d4 cxd4 4. Nxd4 a6 5. c4 Qc7 6. Nc3 Nf6 7. a3 b6 8. Be3 Bb7 9. f3 d6 10. Be2 Be7 11. O-O Nbd7 {[%emt 0:00:00] B41: Sicilian: Kan Variation: 5 c4.} 12. Qd2 O-O 13. Rfc1 Rac8 {[%emt 0:00:08] White is slightly better.} 14. a4 Bd8 (14... Qb8) 15. Nb3 {[%emt 0:05:34] White is more active.} (15. a5 $14) 15... Qb8 16. a5 Nc5 17. Nxc5 bxc5 {[%emt 0:03:25] [#]} 18. Rcb1 $146 ({Predecessor:} 18. Bf4 Bc7 19. Rd1 Ne8 20. g3 Bc6 21. Bf1 Qb7 22. Bh3 Kh8 23. Qe2 Rb8 24. Rd2 Qb4 25. e5 dxe5 26. Bxe5 Bxe5 27. Qxe5 Nf6 28. Ra4 Bxa4 29. Nxa4 Qxd2 {0-1 (29) Petraki,E (1884)-Salahidou,R (1962) Chania 2018}) 18... Bc6 19. e5 Nd7 (19... dxe5 $11 20. Bxc5 e4) 20. exd6 {[%emt 0:10:56][%cal Ob2b4] Hoping for b4!} (20. Qxd6 Qb7 $14) 20... f5 $2 (20... Bf6 $16 {was worth a try.}) 21. f4 $2 (21. b4 $1 $18) 21... Bf6 $14 22. Na4 Rfd8 23. Nxc5 Nxc5 24. Bxc5 Be4 {[%emt 0:00:25] [#]} (24... Bxg2 $1 $14 25. Kxg2 Rxc5) 25. Bb6 $2 (25. Ba3 $1 $18) 25... Rxd6 $15 26. Qe3 {[%emt 0:01:45] Rd1 is the strong threat.} Bxb1 27. Rxb1 {[%emt 0:00:05] [#]} Qxb6 $4 28. Qxb6 $2 ({White has to play} 28. axb6 $18 Bd4 29. Qxd4 Rxd4 30. b4) 28... Bd4+ ({Don't take} 28... Rxb6 29. axb6 Bd4+ 30. Kf1 $14) 29. Qxd4 Rxd4 $17 {[%emt 0:00:01][%mdl 4096] Endgame KRR-KRB} 30. g3 Rd2 31. Kf1 Rb8 32. b4 Ra2 33. Bd3 (33. c5 $142 Rxa5 34. Rc1) 33... Rxh2 {[%emt 0:00:26] Strongly threatening ...Rh1+.} 34. Kg1 {[%emt 0:01:12] Inhibits Rh1+.} (34. Ke1 $17 {is the only way for White.}) 34... Ra2 $2 ({Black should play} 34... Rd2 $19 35. Bf1 Rc2) 35. c5 $15 {[%emt 0:00:39] Threatens to win with c6.} Kf7 $2 {[%emt 0:00:30] [#]} (35... Ra3 $1 $15 {stays ahead.} 36. Bc4 (36. Bxa6 $2 Rxa5 37. Bd3 Ra3 $19) 36... Rc3 37. Bxa6 Rxc5) 36. c6 $1 $18 {White stays focused until the end.} Rd2 $2 (36... Ke7) 37. Bxa6 {[%emt 0:01:01] aiming for c7.} Rc2 38. Bb7 Ke7 $2 (38... Rd8 39. a6 Rd3) 39. a6 (39. b5 $142) 39... Rf8 (39... Rd8 $142 40. a7 Ra2) 40. a7 (40. b5 $142 Rc3 41. b6) 40... Ra2 41. c7 Kd7 42. Rc1 Rc8 (42... Rxa7 $18 43. c8=Q+ Rxc8 44. Bxc8+ Ke7) 43. Bxc8+ {[%emt 0:00:56] White mates.} Kxc8 {[%emt 0:00:03] KR-KR} 44. b5 Rxa7 45. b6 Ra8 46. Rd1 Kb7 47. Rd8 Ra1+ 48. Kg2 Rc1 49. Rb8+ Ka6 50. c8=Q+ Rxc8 51. Rxc8 Kxb6 {[%emt 0:00:00] KR-KP} 52. Re8 Kc7 53. Rxe6 {[%emt 0:00:00] KR-K3P} Kd7 54. Re5 g6 55. Ra5 Ke6 56. Ra7 h6 57. Ra6+ Kf7 58. Kf3 g5 59. g4 {[%emt 0:00:00] Weighted Error Value: White=0.54/Black=0.58} 1-0

[Event "GER-ch Youth-U14 2022"]
[Site "Willingen"]
[Date "2022.06.09"]
[Round "7.13"]
[White "Winkler, Yonathan"]
[Black "Mader, Fabian"]
[Result "0-1"]
[ECO "B33"]
[WhiteElo "1699"]
[BlackElo "1652"]
[Annotator "NA RC COMBH"]
[PlyCount "74"]
[EventDate "2022.06.05"]
[EventType "swiss"]
[EventRounds "9"]
[EventCountry "GER"]
[SourceTitle "playchess.com"]
[Source "ChessBase"]
[SourceQuality "1"]
[TimeControl "40/4500+30:900+30"]

1. e4 c5 2. Nf3 Nc6 3. d4 cxd4 4. Nxd4 Nf6 5. Nc3 e5 6. Ndb5 d6 7. Bg5 a6 8. Na3 b5 9. Nd5 Be7 10. Bxf6 Bxf6 11. c4 b4 12. Nc2 O-O 13. Qf3 Bg5 14. h4 Bh6 15. g4 Bf4 16. Nxf4 exf4 17. Qxf4 Ne5 18. Ne3 Qa5 19. b3 Be6 20. Be2 Qb6 21. h5 f6 22. Rd1 a5 23. Nf5 Bxf5 24. gxf5 h6 25. Rg1 Kh8 26. Qg3 Rf7 27. f4 Nd7 28. Qf2 Nc5 29. e5 fxe5 30. fxe5 dxe5 31. Rd5 Rc8 32. Rxe5 Qf6 33. Qe3 Nd7 34. Rd5 Re7 35. Qd2 Rce8 36. Rxa5 Rxe2+ 37. Qxe2 Qa1+ 0-1

[Event "GER-ch Youth-U14 2022"]
[Site "Willingen"]
[Date "2022.06.09"]
[Round "7.14"]
[White "Weyerer, Noah"]
[Black "Kieselbach, Jannik"]
[Result "1/2-1/2"]
[ECO "D35"]
[WhiteElo "1555"]
[BlackElo "1631"]
[Annotator "NA RC COMBH"]
[PlyCount "148"]
[EventDate "2022.06.05"]
[EventType "swiss"]
[EventRounds "9"]
[EventCountry "GER"]
[SourceTitle "playchess.com"]
[Source "ChessBase"]
[SourceQuality "1"]
[TimeControl "40/4500+30:900+30"]

1. c4 Nf6 2. Nc3 e6 3. d4 d5 4. cxd5 exd5 5. Bg5 c6 6. e3 Bf5 7. Qf3 Bg6 8. Bxf6 Qxf6 9. Qxf6 gxf6 10. Nf3 Nd7 11. Nh4 Be7 12. f4 f5 13. Nf3 Nf6 14. a3 Ne4 15. Rc1 Bd6 16. Na4 O-O 17. Nc5 b6 18. Nb7 Rac8 19. Nxd6 Nxd6 20. b4 f6 21. Bd3 Rfe8 22. Kf2 Ne4+ 23. Bxe4 fxe4 24. Nd2 Rc7 25. Rc2 Rec8 26. Rhc1 Kf8 27. Nb3 Ke7 28. g4 Kd6 29. h4 Bf7 30. g5 Be6 31. gxf6 Rf8 32. b5 Bd7 33. bxc6 Rxc6 34. Rxc6+ Bxc6 35. Rg1 Rxf6 36. Rg7 Rh6 37. Kg3 Rg6+ 38. Rxg6+ hxg6 39. Kg4 Ke7 40. Kg5 Kf7 41. f5 gxf5 42. Kxf5 a5 43. Ke5 Kg6 44. Kd6 Ba8 45. Kc7 Kh5 46. Kxb6 Kxh4 47. Kxa5 Kg3 48. Na1 Kf3 49. Nc2 Ke2 50. Kb4 Kd2 51. Kb3 Bb7 52. Kb2 Ba6 53. a4 Bd3 54. Nb4 Kxe3 55. Nxd5+ Kxd4 56. Nc3 e3 57. a5 Bc4 58. Kc2 Bd3+ 59. Kb2 Be4 60. Ne2+ Kd3 61. Nf4+ Kd2 62. a6 Ke1 63. a7 Kf2 64. Kc1 Ba8 65. Kd1 Bf3+ 66. Kc1 Kf1 67. Kc2 Kf2 68. Kc1 Kg3 69. Ne2+ Kg4 70. Kd1 Ba8 71. Ke1 Kf3 72. Nc3 Bb7 73. Nd1 Ke4 74. Nxe3 Kxe3 1/2-1/2

[Event "GER-ch Youth-U14 2022"]
[Site "Willingen"]
[Date "2022.06.09"]
[Round "7.15"]
[White "Mueller, Maximilian"]
[Black "Deschler, Arne"]
[Result "1/2-1/2"]
[ECO "B13"]
[WhiteElo "2299"]
[BlackElo "1646"]
[Annotator "TA"]
[PlyCount "110"]
[EventDate "2022.06.05"]
[EventType "swiss"]
[EventRounds "9"]
[EventCountry "GER"]
[SourceTitle "playchess.com"]
[Source "ChessBase"]
[SourceQuality "1"]
[TimeControl "40/4500+30:900+30"]

1. e4 c6 2. d4 d5 3. exd5 cxd5 4. Bd3 Nc6 5. c3 Qc7 6. h3 g6 7. Nf3 {[%emt 0:00:00] B13: Caro-Kann: Exchange Variation and Panov-Botvinnik Attack.} Bg7 8. O-O Bf5 9. Be2 {[%emt 0:00:00] White is slightly better.} Nf6 10. Be3 O-O 11. Qc1 {[%emt 0:00:00] [#]} Rac8 $146 ({Predecessor:} 11... Rfe8 12. Bf4 Qb6 13. Nbd2 Rac8 14. g4 Bd7 15. Nb3 Ne4 16. Qe3 a5 17. Nfd2 Nxd2 18. Qxd2 {0-1 (28) Jaenig,R (2140)-Llaneza Vega,M (2485) Bad Wiessee 2008}) 12. Bf4 Qd7 13. Qd1 a6 14. Nbd2 Ne4 15. Nxe4 Bxe4 16. Nd2 Qf5 17. Bg3 {[%emt 0:00:10] And now Bg4 would win.} h5 {[%emt 0:03:08] Inhibits Bg4.} 18. Nxe4 dxe4 19. Qb3 Na5 20. Qb4 e6 (20... Bf6 $14) 21. Rfd1 ({Better is} 21. Bd6 $1 $16) 21... Rfd8 22. Qb6 {[%emt 0:16:20] Strongly threatening b4.} Rd7 23. Rac1 (23. d5 $142 Rxd5 24. b4) 23... Bf8 (23... Bh6 $142) 24. c4 (24. d5 $1 $11 Rxd5 25. b4) 24... Rc6 (24... Be7 $17 25. d5 Bd8) 25. Qa7 $11 Bd6 {[%emt 0:01:54] Against Qb8+} ({Black should play} 25... Rc8 $11) 26. d5 (26. b4 $14 Bxb4 27. Qb8+ Bf8 28. Qe8) 26... exd5 {[%emt 0:07:57] White must now prevent ...Bxg3.} 27. Rxd5 (27. Qa8+ Kg7 28. Bxd6 Rdxd6 29. cxd5 Rxc1 30. Rxc1 Rxd5 $17) 27... Qxd5 28. cxd5 Rxc1+ 29. Kh2 $1 Bxg3+ 30. Kxg3 Rc2 $2 (30... Rxd5 $11 31. Qe3 Rcc5) 31. Bxa6 $2 ({White must play} 31. Qb8+ $1 $18 Kh7 32. Qe8) 31... Rxb2 $2 (31... Rxd5 $15 {keeps the upper hand.} 32. Qa8+ Kh7 33. Bxb7 Nxb7 34. Qxb7 Rg5+ 35. Kh2 Rxf2 36. Qxe4 Rxb2) 32. Qb8+ $18 Kh7 33. Qe8 $1 Rc7 34. d6 Rc3+ 35. Kh2 bxa6 $2 (35... Rxf2 36. d7 (36. Bb5 Rcc2 $11) 36... Nc6 37. Bxb7 Rcc2) 36. Qxf7+ Kh6 37. Qf4+ Kh7 38. Qe5 $2 (38. d7 $1 $18 Nb7 39. Qf7+ Kh6 40. Qg8) 38... Rcc2 $11 39. Qxa5 Rxf2 {[%emt 0:01:15][%mdl 4096] Endgame KQ-KRR} 40. Qc7+ Kh6 41. d7 Rxg2+ 42. Kh1 {[%emt 0:00:00] Dancing on a razor blade.} Rge2 $2 (42... Rgd2 $2 43. Qc1 e3 44. Qxb2 $1 (44. d8=Q Rh2+ 45. Kg1 Rhg2+ 46. Kh1 Rh2+ 47. Kg1 Rhg2+ 48. Kh1 Rh2+ $11) 44... Rxb2 45. d8=Q $18) (42... Rgf2 $11 43. Qc1+ Rbd2) 43. Qf4+ $18 Kh7 44. Qf7+ Kh6 45. Qf4+ Kh7 $1 46. Qf7+ Kh6 {[%emt 0:00:00] ( -> ...Re1+)} 47. Qf1 {[%emt 0:00:13] Inhibits Re1.} Red2 48. Qc1 ({Stronger than} 48. Qf8+ Kh7 49. Qe7+ Kh6 50. Qf8+ Kh7 51. Qe7+ Kh6 52. Qf8+ $11) 48... e3 {[%emt 0:00:25] [#]} 49. Qxb2 $3 Rxb2 50. d8=Q {[%emt 0:00:06] Qh8+ would kill now. KQ-KR} e2 51. Qh8+ Kg5 {[%emt 0:00:07][%cal Re2e1] [#]} 52. Qe5+ $1 Kh6 {[%emt 0:01:36] aiming for ...Rb1+.} (52... Kh4 $2 53. Kg1) 53. Qh8+ Kg5 54. Qe5+ Kh6 $1 {[%emt 0:00:09] Threatens to win with ...Rb1+.} (54... Kh4 $2 55. Kg1 $18) 55. Qh8+ $2 (55. h4 $18 Kh7 56. Qc7+ Kg8 57. Qc1) 55... Kg5 {[%emt 0:00:20] Weighted Error Value: White=1.05/Black=0.48} 1/2-1/2

[Event "GER-ch Youth-U14 2022"]
[Site "Willingen"]
[Date "2022.06.09"]
[Round "7.16"]
[White "Sauer, Tim"]
[Black "Jahnz, Laurin"]
[Result "1/2-1/2"]
[ECO "D10"]
[WhiteElo "1769"]
[BlackElo "1681"]
[Annotator "NA RC COMBH"]
[PlyCount "71"]
[EventDate "2022.06.05"]
[EventType "swiss"]
[EventRounds "9"]
[EventCountry "GER"]
[SourceTitle "playchess.com"]
[Source "ChessBase"]
[SourceQuality "1"]
[TimeControl "40/4500+30:900+30"]

1. d4 d5 2. c4 c6 3. cxd5 cxd5 4. Nc3 Nf6 5. f3 Nc6 6. e4 dxe4 7. d5 Ne5 8. fxe4 a6 9. Nf3 Nxf3+ 10. Qxf3 e6 11. Bd3 Be7 12. O-O O-O 13. Be3 e5 14. h3 Nd7 15. g4 Bg5 16. Kg2 Bxe3 17. Qxe3 Qh4 18. Qg3 Qxg3+ 19. Kxg3 Nc5 20. Bc2 b6 21. b4 Nb7 22. Na4 Nd6 23. Bd3 Rb8 24. Nc3 b5 25. Rac1 Bd7 26. Nb1 Rfc8 27. Nd2 Rxc1 28. Rxc1 Rc8 29. Rc5 Nb7 30. Rxc8+ Bxc8 31. Nb3 Kf8 32. Nc5 Nd6 33. Kf3 Ke7 34. a4 Kf6 35. axb5 axb5 36. Kg3 1/2-1/2

[Event "GER-ch Youth-U14 2022"]
[Site "Willingen"]
[Date "2022.06.09"]
[Round "7.17"]
[White "Eichhorn, Valentin"]
[Black "Braeutigam, Alexander"]
[Result "1-0"]
[ECO "D00"]
[WhiteElo "1565"]
[BlackElo "1749"]
[Annotator "NA RC COMBH"]
[PlyCount "85"]
[EventDate "2022.06.05"]
[EventType "swiss"]
[EventRounds "9"]
[EventCountry "GER"]
[SourceTitle "playchess.com"]
[Source "ChessBase"]
[SourceQuality "1"]
[TimeControl "40/4500+30:900+30"]

1. d4 d5 2. Bg5 f6 3. Bh4 c5 4. c3 Qb6 5. Qb3 Qxb3 6. axb3 h5 7. Bg3 Nc6 8. Nf3 Bg4 9. Nbd2 cxd4 10. Nxd4 e5 11. Nxc6 bxc6 12. f3 Bc8 13. Bf2 a6 14. e4 Bb7 15. b4 Bd6 16. Nb3 Kd7 17. Nc5+ Bxc5 18. Bxc5 Ne7 19. Bd3 Ke6 20. O-O Nc8 21. Ra5 Nd6 22. Bxd6 Kxd6 23. exd5 cxd5 24. Rfa1 Kc6 25. Bxa6 Bxa6 26. Rxa6+ Rxa6 27. Rxa6+ Kb5 28. Ra5+ Kc4 29. Rc5+ Kb3 30. Rxd5 Kxb2 31. Rc5 Rd8 32. b5 h4 33. b6 Kc2 34. c4 Kc3 35. b7 Rb8 36. Rc7 f5 37. c5 e4 38. c6 e3 39. Kf1 f4 40. Ke2 Rd8 41. Rd7 h3 42. Rxd8 hxg2 43. Rd1 1-0

[Event "GER-ch Youth-U14 2022"]
[Site "Willingen"]
[Date "2022.06.09"]
[Round "7.18"]
[White "Goepfert, Gregor"]
[Black "Linnemann, Caspar"]
[Result "1-0"]
[ECO "B50"]
[WhiteElo "1446"]
[BlackElo "1720"]
[Annotator "NA RC COMBH"]
[PlyCount "95"]
[EventDate "2022.06.05"]
[EventType "swiss"]
[EventRounds "9"]
[EventCountry "GER"]
[SourceTitle "playchess.com"]
[Source "ChessBase"]
[SourceQuality "1"]
[TimeControl "40/4500+30:900+30"]

1. e4 c5 2. Nf3 d6 3. c4 Nf6 4. Nc3 Nc6 5. d4 cxd4 6. Nxd4 Bd7 7. Be2 a6 8. Be3 e6 9. O-O Be7 10. Rc1 O-O 11. Qd2 Rc8 12. f4 Nxd4 13. Bxd4 Bc6 14. Bf3 e5 15. Be3 Nd7 16. Nd5 Bxd5 17. cxd5 b5 18. Rxc8 Qxc8 19. Rc1 Qb7 20. Rc6 Nb8 21. Rc2 f6 22. Bg4 Bd8 23. Be6+ Kh8 24. Qf2 Re8 25. Bc8 Qe7 26. f5 Bc7 27. Be6 Qd8 28. Kh1 Nd7 29. Rc6 Nb8 30. Rc3 Ba5 31. Rc1 Bc7 32. b4 h6 33. Rc3 Nd7 34. Qh4 Re7 35. g4 Bb8 36. g5 Qf8 37. gxh6 gxh6 38. Bxh6 Rh7 39. Bxf8 Rxh4 40. Bxd7 Rxe4 41. Be7 Kg7 42. Be8 Rxb4 43. Rg3+ Kh6 44. Bf8+ Kh7 45. Bf7 Rh4 46. Bg8+ Kh8 47. Bg7+ Kxg8 48. Bxf6+ 1-0

[Event "GER-ch Youth-U14 2022"]
[Site "Willingen"]
[Date "2022.06.09"]
[Round "7.19"]
[White "Detjen, Mattes"]
[Black "Vihan, Shourya"]
[Result "0-1"]
[ECO "B22"]
[WhiteElo "1098"]
[BlackElo "1385"]
[Annotator "NA RC COMBH"]
[PlyCount "48"]
[EventDate "2022.06.05"]
[EventType "swiss"]
[EventRounds "9"]
[EventCountry "GER"]
[SourceTitle "playchess.com"]
[Source "ChessBase"]
[SourceQuality "1"]
[TimeControl "40/4500+30:900+30"]

1. e4 c5 2. c3 d5 3. exd5 Qxd5 4. d4 Nf6 5. Nf3 Bg4 6. Be2 e6 7. O-O Nc6 8. Bf4 Be7 9. c4 Qe4 10. Be3 cxd4 11. Bd3 Bxf3 12. gxf3 Qe5 13. Bd2 Qc7 14. Re1 Bd6 15. h3 O-O 16. Kh1 Ne5 17. Qe2 Qc6 18. Kg2 Nfd7 19. b3 Nc5 20. Be4 Nxe4 21. fxe4 Ng6 22. Bg5 Bf4 23. h4 Bxg5 24. hxg5 Nf4+ 0-1

[Event "GER-ch Youth-U14 2022"]
[Site "Willingen"]
[Date "2022.06.09"]
[Round "7.20"]
[White "Shapiro, Danil"]
[Black "Sinka, Silas"]
[Result "1-0"]
[ECO "C01"]
[WhiteElo "1468"]
[BlackElo "1386"]
[Annotator "NA RC COMBH"]
[PlyCount "69"]
[EventDate "2022.06.05"]
[EventType "swiss"]
[EventRounds "9"]
[EventCountry "GER"]
[SourceTitle "playchess.com"]
[Source "ChessBase"]
[SourceQuality "1"]
[TimeControl "40/4500+30:900+30"]

1. e4 e6 2. d4 d5 3. exd5 exd5 4. Nf3 Bd6 5. c4 dxc4 6. Bxc4 Nf6 7. Qe2+ Qe7 8. Qxe7+ Bxe7 9. O-O O-O 10. Re1 Bd6 11. Nc3 a6 12. Bg5 Nbd7 13. Ne5 b5 14. Bb3 Bb7 15. Nxd7 Nxd7 16. Be7 Rfe8 17. Bxd6 cxd6 18. Bd5 Bxd5 19. Nxd5 Nf6 20. Nxf6+ gxf6 21. f3 Rac8 22. Rxe8+ Rxe8 23. Kf2 Rc8 24. Re1 Kf8 25. Re2 f5 26. b3 Rc3 27. Ke1 Rd3 28. Rd2 Rxd2 29. Kxd2 Ke7 30. d5 Kf6 31. f4 Kg6 32. h3 Kh5 33. g3 Kg6 34. Kc3 h5 35. h4 1-0

[Event "GER-ch Youth-U14 2022"]
[Site "Willingen"]
[Date "2022.06.09"]
[Round "7.22"]
[White "Grundmann, Max"]
[Black "Weber, Nikita"]
[Result "0-1"]
[ECO "D51"]
[WhiteElo "1358"]
[BlackElo "1264"]
[Annotator "NA RC COMBH"]
[PlyCount "62"]
[EventDate "2022.06.05"]
[EventType "swiss"]
[EventRounds "9"]
[EventCountry "GER"]
[SourceTitle "playchess.com"]
[Source "ChessBase"]
[SourceQuality "1"]
[TimeControl "40/4500+30:900+30"]

1. d4 d5 2. c4 c6 3. Nc3 Nf6 4. Bg5 e6 5. e3 Nbd7 6. cxd5 exd5 7. Nf3 Bd6 8. Bd3 O-O 9. O-O Re8 10. Rb1 Qc7 11. Ne2 Ne4 12. Bf4 Bxf4 13. Nxf4 Nf8 14. b4 Nc3 15. Qc2 Nxb1 16. Rxb1 f6 17. b5 Bd7 18. Nxd5 Qa5 19. bxc6 Bxc6 20. Bc4 Kh8 21. Qb3 Rad8 22. Nf4 Bxf3 23. gxf3 Qg5+ 24. Kf1 Rxd4 25. exd4 Qxf4 26. Re1 Rxe1+ 27. Kxe1 Qc1+ 28. Ke2 Ng6 29. f4 Nxf4+ 30. Kf3 g5 31. Bd5 Qh1+ 0-1